 Dungeon Crawl Stone Soup version 0.23.2-1-ga50397a (webtiles) character file.

Game seed: 16980379862970921558

138 Borgoz the Cutter (level 5, -3/35 HPs)
             Began as a Halfling Gladiator on May 25, 2019.
             Killed by divine providence
             ... invoked by an orc priest
              (13 damage)
             ... on level 2 of the Dungeon.
             The game lasted 00:03:22 (1706 turns).

Borgoz the Cutter (Halfling Gladiator)              Turns: 1706, Time: 00:03:22

Health: -3/35      AC:  4    Str: 16    XL:     5   Next: 45%
Magic:  0/5        EV: 16    Int:  6    God:
Gold:   102        SH:  0    Dex: 16    Spells: 4/4 levels left

rFire    . . .     SeeInvis .   a - +0 rapier
rCold    . . .     Gourm    .   (shield restricted)
rNeg     . . .     Faith    .   b - +0 leather armour
rPois    .         Spirit   +   c - +0 helmet
rElec    .         Reflect  .   (no cloak)
rCorr    .         Harm     .   (no gloves)
MR       .....                  (no boots)
Stlth    ++........             g - amulet of guardian spirit
HPRegen  0.11/turn              (no ring)
MPRegen  0.09/turn              (no ring)

@: no status effects
A: small, mutation resistance 1
a: no special abilities


You were on level 2 of the Dungeon.
You were not hungry.

You visited 1 branch of the dungeon, and saw 3 of its levels.

You collected 102 gold pieces.

Inventory:

Hand Weapons
 a - a +0 rapier (weapon)
 q - a cursed -2 short sword
Missiles
 d - 3 throwing nets (quivered)
Armour
 b - a +0 leather armour (worn)
 c - a +0 helmet (worn)
Jewellery
 g - an amulet of guardian spirit (around neck)
Scrolls
 k - a scroll of remove curse {unknown}
 l - a scroll of teleportation
 o - a scroll of blinking {unknown}
 r - a scroll of immolation {unknown}
 s - a scroll of magic mapping
Potions
 e - a potion of might {unknown}
 i - a potion of haste {unknown}
 j - 4 potions of heal wounds
 m - a potion of cancellation {unknown}
 n - 2 potions of curing {unknown}
 p - a potion of degeneration {unknown}
Comestibles
 f - 3 rations


   Skills:
 * Level 2.6 Fighting
 * Level 4.6 Short Blades
 - Level 2.0 Throwing
 * Level 2.1 Armour
 * Level 4.1 Dodging
 + Level 1.7 Stealth


You had 4 spell levels left.
You didn't know any spells.
Your spell library was empty.

Dungeon Overview and Level Annotations

Branches:
Dungeon (3/15)

Altars:
Xom


Innate Abilities, Weirdness & Mutations

You are small and have problems with some larger weapons.
You are somewhat resistant to further mutation.


Message History

The kobold misses you.
A quokka comes into view.
The orc priest calls down the wrath of Beogh upon you.
Beogh smites you!
The ball python hisses angrily.
There is a stone staircase leading up here.
The kobold barely misses you.
The orc priest mumbles some strange prayers to Beogh against you.
Beogh smites you!
* * * LOW HITPOINT WARNING * * *
You climb upwards.
There is a stone staircase leading down here.
You closely miss the orc priest. The kobold hits you but does no damage.
The orc priest misses you.
Things that are here:
a +0 robe; a +0 dagger The kobold barely misses you.
The orc priest mumbles some strange prayers to Beogh against you.
Beogh smites you!
You die...

.......# #......# #.# ####.#
##..##.######...#.#####.# #....#
##..##.......###........####.##.#
##..##.##...## #...###..........#
.)..##.##._.####...#####.###.####
###.##.##...##.......# #.# #.# *
##.##.##.##[#.o..[..# #.# #.####
##..........#..K[....# #.# #.##≈≈
#.#...##...#.##.@..### #.# #.#≈≈#
#..#..##(.#..##..((# ##.###.#≈≈#
....#....#...##...#####...##..≈≈.
.....#..#..................#..≈≈.
#.##..##..##..###.#.#..........≈.
#.##..##..##..# #.............≈≈.
.(...#..#....####.###.........≈..
....#....#........# ##..<.....≈≈.
...#..##..#..####)# #....#...≈≈.


You could see an orc priest and a kobold.

Vanquished Creatures
  2 orc wizards (D:2)
  2 adders (D:2)
  2 worms (D:2)
  5 dart slugs
  A leopard gecko (D:2)
  4 orcs
  7 goblins
  3 hobgoblins (D:2)
  4 jackals (D:2)
  6 bats
  3 frilled lizards (D:2)
  3 kobolds (D:2)
  4 rats
46 creatures vanquished.

Notes
Turn   | Place    | Note
-------+----------+-------------------------------------------
     0 | D:1      | Borgoz the Halfling Gladiator began the quest for the Orb.
     0 | D:1      | Reached XP level 1. HP: 14/14 MP: 1/1
   210 | D:1      | Reached XP level 2. HP: 19/19 MP: 2/2
   601 | D:2      | Reached skill level 1 in Armour
   601 | D:2      | Reached XP level 3. HP: 21/24 MP: 1/3
   784 | D:2      | Found a shimmering altar of Xom.
   905 | D:2      | Reached XP level 4. HP: 26/29 MP: 4/4
  1030 | D:2      | Reached skill level 1 in Stealth
  1311 | D:2      | Reached XP level 5. HP: 14/35 MP: 0/5
  1706 | D:2      | Killed from afar by an orc priest

Skill      XL: |  1  2  3  4  5 |
---------------+----------------+-----
Fighting       | 2 |  2.6
Armour         | 1 2 |  2.1
Short Blades   | 4 |  4.6
Stealth        | 1 |  1.7
Dodging        | 4 |  4.1
Throwing       | |  2.0

Action                   |  1- 3 |  4- 6 || total
-------------------------+-------+-------++-------
Melee: Rapier            |    81 |    77 ||   158
Throw: Throwing net      |     1 |       ||     1
  Use: Potion            |       |     1 ||     1
       Scroll            |       |     2 ||     2
 Stab: Sleeping          |     3 |       ||     3
       Held in net/web   |     1 |       ||     1
  Eat: Chunk             |       |     3 ||     3
Armor: Leather armour    |    16 |    30 ||    46
Dodge: Dodged            |    71 |   137 ||   208
